Map: Romanticide LE

Players

Kelazhur

  • Race: Terran Terran

Cham - Winner!

  • Race: Zerg Zerg
  • League: Master

Event: DreamHack SC2 Masters 2021 Summer

VOD

Have the link to the VOD?

Description

Time

  • Played on: May 20, 2021, 3:13 p.m.
  • Length: 11:21

All games in this series

Show
View Real Time Build Order
Export as new Build Order

Kelazhur Terran 

Build Orders: Reaper Expand, Hellion Banshee 

Get SALT Encoding   

  12  0:00  SCV  
  13  0:12  SCV  
  14  0:17  Supply Depot  
  14  0:24  SCV  
  15  0:38  SCV  
  15  0:40  Barracks  
  16  0:43  Refinery  
  16  0:50  SCV  
  17  1:03  SCV  
  18  1:15  SCV  
  19  1:27  Orbital Command, Reaper  
  20  1:38  Command Center  
  20  1:47  Supply Depot  
  20  1:53  SCV  
  21  1:59  Marine  
  22  2:04  Factory  
  22  2:06  SCV  
  23  2:18  SCV  
  23  2:21  Barracks Reactor  
  24  2:30  SCV  
  25  2:40  Command Center  
  25  2:42  SCV  
  26  2:51  Orbital Command  
  26  2:54  SCV  
  27  2:59  Starport  
  27  3:04  Hellion  
  29  3:07  Hellion  
  29  3:08  SCV  
  32  3:16  Refinery  
  32  3:18  SCV  
  33  3:20  Barracks Tech Lab  
  33  3:21  SCV  
  34  3:27  Hellion  
  34  3:28  Hellion  
  34  3:30  SCV  
  34  3:33  SCV  
  40  3:42  SCV  
  40  3:46  Banshee  
  40  3:48  SCV  
  45  3:52  Orbital Command  
  45  3:54  Barracks Tech Lab, Hellion x2  
  49  3:57  SCV  
  49  4:00  SCV  
  51  4:09  SCV  
  52  4:12  SCV  
  52  4:13  Stimpack, Supply Depot  
  53  4:19  SCV  
  53  4:20  Marine  
  53  4:23  SCV  
  56  4:24  SCV  
  54  4:31  SCV  
  54  4:32  Barracks  
  54  4:33  Barracks  
  54  4:36  Starport Reactor  
  55  4:39  SCV x2  
  55  4:40  Refinery, Supply Depot  
  55  4:41  Refinery  
  55  4:45  Siege Tank  
  60  4:46  Engineering Bay, Marine  
  60  4:49  SCV  
  60  4:51  SCV  
  60  4:52  SCV  
  64  4:59  Engineering Bay  
  64  5:01  SCV  
  64  5:04  Marine, SCV x2  
  66  5:13  Supply Depot  
  67  5:16  Orbital Command, SCV x2  
  68  5:21  Starport Reactor  
  68  5:22  Marine x3  
  68  5:23  Barracks  
  68  5:24  Barracks  
  68  5:26  Siege Tank  
  68  5:28  SCV  
  75  5:35  Terran Infantry Weapons Level 1, Terran Infantry Armor Level 1, Marine x2  
  76  5:40  SCV  
  78  5:47  Marine x3  
  81  5:53  Barracks, SCV x2  
  81  5:55  Barracks, SCV  
  81  5:56  Barracks, Marine  
  85  6:01  Supply Depot  
  85  6:03  Combat Shield  
  85  6:12  Marine  
  85  6:13  Medivac, Siege Tank, SCV x2  
  85  6:18  Barracks Reactor  
  93  6:19  Barracks Reactor  
  93  6:22  Marine x3, SCV  
  93  6:24  Supply Depot  
  97  6:27  Supply Depot  
  97  6:28  Supply Depot  
  97  6:29  Marine  
  97  6:30  Marine  
  99  6:33  Medivac  
  97  6:40  Marine x2  
  97  6:41  SCV x2  
  97  6:42  Medivac, SCV  
  97  6:46  Supply Depot  
  100  6:47  Supply Depot  
  100  6:49  Siege Tank, Marine  
  100  6:50  Marine x2  
  100  6:52  Marine  
  107  6:57  Marine  
  107  6:58  Marine x3, Supply Depot  
  111  7:02  Marine  
  111  7:03  Marine x3  
  111  7:05  SCV  
  111  7:07  Marine  
  117  7:08  Marine  
  117  7:10  Marine  
  117  7:14  Medivac x2  
  123  7:24  Marine x5  
  123  7:25  Marine x5  
  123  7:28  Missile Turret  
  133  7:30  Marine  
  133  7:32  Marine  
  133  7:33  Supply Depot  
  133  7:36  Missile Turret  
  135  7:43  Marine  
  135  7:44  Marine x7  
  136  7:45  Medivac x2  
  136  7:47  Siege Tank  
  147  7:54  Supply Depot  
  147  7:55  Supply Depot  
  147  7:57  Supply Depot  
  137  7:59  Marine x4  
  137  8:01  Marine  
  137  8:03  Marine x3  
  145  8:08  Marine  
  145  8:09  Marine x2  
  146  8:18  Marine x2  
  146  8:19  Siege Tank, Marine x2  
  153  8:23  Marine x5  
  153  8:26  Marine  
  155  8:31  Medivac x2  
  155  8:32  Marine  
  155  8:33  Marine  
  149  8:36  Marine x2  
  149  8:38  Marine  
  149  8:39  Marine  
  142  8:49  Marine  
  142  8:50  Marine x7  
  142  8:51  Siege Tank  
  137  8:57  Marine  
  137  8:58  Marine x3  
  137  9:01  Medivac x2  
  124  9:05  Armory  
  124  9:07  Marine  
  124  9:08  Marine x3  
  123  9:11  Marine x2  
  123  9:12  Marine x2  
  123  9:14  Marine  
  123  9:16  Marine x3  
  131  9:23  Siege Tank  
  134  9:25  Marine x3  
  134  9:31  Marine x5  
  130  9:32  Marine  
  130  9:33  Marine  
  130  9:34  Marine x2  
  130  9:35  Medivac x2  
  139  9:43  Marine x3  
  135  9:48  Marine  
  135  9:49  Marine x4  
  135  9:50  Marine  
  135  9:51  Marine  
  135  9:52  Marine x2  
  120  10:01  Marine x3  
  120  10:05  Medivac x2  
  120  10:06  Marine x2  
  120  10:07  Marine x3  
  119  10:08  Marine  
  114  10:16  Marine x3  
  114  10:19  Marine x3  
  101  10:24  Marine x5  
  101  10:25  Command Center  
  101  10:26  Marine  
  93  10:34  Marine x3  
  93  10:35  Medivac  
  95  10:36  Marine  
  95  10:37  Marine x2  
  95  10:42  Marine x5  
  102  10:44  Marine  
  100  10:51  Marine  
  100  10:52  Marine x2  
  100  10:54  Marine x3  
  106  11:00  Marine x5  
  106  11:02  Marine  
Show
View Real Time Build Order
Export as new Build Order

Cham Zerg - Winner!

Build Orders: Hatch First, Muta Ling Bane 

Get SALT Encoding   

  12  0:00  Drone  
  13  0:08  Drone  
  14  0:16  Overlord  
  14  0:35  Drone x2  
  16  0:46  Hatchery  
  15  0:50  Drone  
  15  0:54  Drone  
  17  0:59  Drone  
  18  1:09  Extractor  
  17  1:13  Spawning Pool  
  17  1:17  Drone  
  17  1:21  Drone  
  18  1:29  Drone  
  19  1:39  Drone  
  20  1:50  Drone  
  21  2:00  Queen x2  
  21  2:01  Zergling x4  
  27  2:10  Drone  
  27  2:14  Metabolic Boost  
  28  2:16  Overlord  
  28  2:32  Hatchery  
  27  2:38  Drone x4  
  31  2:46  Queen  
  31  2:51  Overlord  
  33  2:54  Drone  
  35  2:58  Drone x2  
  35  3:05  Overlord  
  36  3:11  Drone x4  
  40  3:13  Drone  
  40  3:19  Drone  
  42  3:25  Queen  
  42  3:26  Queen  
  46  3:30  Overlord  
  46  3:36  Drone  
  46  3:37  Drone  
  46  3:40  Overlord  
  48  3:49  Queen  
  48  3:50  Drone x3  
  48  3:51  Drone x2  
  48  3:53  Drone  
  48  3:54  Drone  
  57  3:59  Baneling Nest  
  57  4:00  Overlord  
  56  4:03  Drone  
  56  4:08  Overlord  
  56  4:09  Drone x2  
  59  4:14  Drone  
  59  4:15  Drone x2  
  62  4:17  Drone  
  62  4:20  Overlord  
  62  4:22  Drone  
  64  4:25  Extractor  
  64  4:26  Lair  
  64  4:28  Drone x2  
  64  4:31  Drone x2, Evolution Chamber  
  65  4:33  Evolution Chamber  
  65  4:35  Drone  
  65  4:38  Spore Crawler  
  65  4:39  Spore Crawler  
  65  4:41  Spore Crawler  
  65  4:42  Drone  
  65  4:44  Drone  
  65  4:48  Drone x2  
  65  4:51  Extractor  
  65  4:52  Overlord  
  66  4:55  Extractor  
  66  4:56  Extractor  
  62  5:00  Zergling x2  
  62  5:01  Zergling x12  
  66  5:09  Drone x5  
  71  5:15  Extractor  
  71  5:16  Drone x2  
  71  5:17  Drone  
  73  5:22  Drone  
  73  5:23  Drone  
  73  5:28  Drone x3  
  78  5:29  Spire  
  78  5:34  Drone x3  
  80  5:38  Drone  
  80  5:39  Drone x2  
  80  5:42  Drone x3  
  86  5:52  Hatchery  
  86  5:55  Centrifical Hooks  
  86  5:56  Drone  
  86  6:00  Zergling x4  
  86  6:02  Overlord  
  88  6:07  Zergling x8  
  88  6:10  Overlord  
  92  6:15  Overlord  
  92  6:18  Overlord  
  92  6:20  Baneling  
  92  6:21  Baneling x6  
  92  6:22  Overlord  
  92  6:24  Zergling x2  
  92  6:25  Zergling x8  
  97  6:27  Zergling x4  
  97  6:30  Drone  
  100  6:34  Overlord  
  99  6:42  Mutalisk x5  
  99  6:43  Mutalisk  
  99  6:45  Mutalisk  
  113  6:49  Mutalisk x2  
  113  6:52  Mutalisk  
  119  6:55  Mutalisk  
  119  6:57  Overlord  
  121  7:01  Drone  
  121  7:02  Drone x3  
  121  7:06  Zerg Ground Armor Level 1  
  125  7:08  Zerg Melee Weapons Level 1  
  125  7:13  Drone  
  125  7:14  Hatchery  
  125  7:20  Overlord  
  125  7:21  Drone x4  
  128  7:24  Overlord  
  128  7:26  Drone  
  128  7:27  Drone x3  
  132  7:30  Drone x2  
  132  7:36  Mutalisk x4  
  142  7:44  Overlord  
  142  7:45  Zerg Flyer Weapons Level 1  
  142  7:47  Mutalisk  
  142  7:49  Zergling x8  
  142  7:50  Zergling x4  
  149  7:57  Mutalisk x2  
  147  7:59  Zergling x14  
  147  8:02  Zergling x4  
  156  8:05  Overlord  
  156  8:09  Zergling x12  
  156  8:12  Baneling x5  
  162  8:17  Zergling x4  
  162  8:18  Baneling x6  
  162  8:19  Zergling x4  
  160  8:28  Zergling x18  
  150  8:34  Baneling x10  
  150  8:35  Baneling x3  
  150  8:36  Zergling x6  
  150  8:37  Zergling x4  
  155  8:45  Mutalisk  
  155  8:46  Mutalisk  
  155  8:48  Zergling x14  
  143  8:55  Mutalisk  
  143  8:58  Zergling x10  
  143  9:02  Zergling x4  
  138  9:07  Zergling x2  
  138  9:08  Zergling x6, Baneling x2  
  138  9:09  Mutalisk x2  
  141  9:11  Zergling x12  
  141  9:12  Baneling x2  
  141  9:17  Zergling x6, Baneling  
  146  9:18  Baneling x3  
  146  9:19  Zergling x2  
  146  9:20  Zergling x4  
  149  9:25  Baneling x4  
  149  9:26  Baneling  
  140  9:32  Mutalisk  
  140  9:34  Zergling x2  
  140  9:35  Zergling x12  
  140  9:37  Zergling x2  
  148  9:42  Mutalisk  
  148  9:43  Mutalisk  
  148  9:44  Zergling x2  
  148  9:45  Zergling x10  
  151  9:48  Mutalisk  
  137  9:53  Zergling x8  
  137  9:54  Zergling x10  
  137  9:55  Baneling x3  
  137  9:57  Zergling x2, Queen x2  
  137  9:58  Zergling x2  
  152  10:00  Zergling x6  
  152  10:03  Mutalisk  
  152  10:06  Zergling x4  
  152  10:07  Mutalisk  
  153  10:08  Zergling x2  
  155  10:19  Mutalisk x2  
  151  10:21  Zergling x16  
  151  10:26  Zergling x2  
  151  10:27  Zergling x4  
  157  10:35  Mutalisk  
  159  10:36  Zergling x2  
  159  10:37  Zergling x8  
  164  10:43  Zergling x6  
  164  10:45  Extractor  
  164  10:47  Extractor  
  164  10:49  Baneling x10  
  164  10:50  Zergling x8  
  168  10:58  Zergling x2  
  168  10:59  Zergling x16  
Tags
 
Add a new tag
Caveats
  • Supply blocks, unpowered buildings, or Contaminate may cause inaccurate times.
  • Supply counts are checked every 10 seconds.